 Dungeon Crawl Stone Soup version 0.21-a0-521-g1cd18d1 (webtiles) character file.

24 slep the Cudgeler (level 3, 0/23 HPs)
             Began as a Tengu Berserker on Dec 6, 2017.
             Was a Follower of Trog.
             Slain by a jackal (3 damage)
             ... on level 1 of the Dungeon.
             The game lasted 00:01:55 (267 turns).

slep the Cudgeler (Tengu Berserker)                  Turns: 267, Time: 00:01:56

Health: 0/23       AC:  2    Str: 18    XL:     3   Next: 2%
Magic:  4/4        EV: 12    Int:  7    God:    Trog [*.....]
Gold:   21         SH:  3    Dex: 13    Spells: 2/2 levels left

rFire    . . .     SeeInvis .   a - +0 mace
rCold    . . .     Gourm    .   g - +0 buckler
rNeg     . . .     Faith    .   b - +0 animal skin
rPois    .         Spirit   .   (helmet restricted)
rElec    .         Reflect  .   (no cloak)
rCorr    .         Harm     .   (no gloves)
MR       .....                  (boots unavailable)
Stlth    +.........             (no amulet)
HPRegen  0.07/turn              (no ring)
MPRegen  0.09/turn              (no ring)

@: no status effects
A: beak, talons 3
a: Berserk, Burn Spellbooks, Renounce Religion


You were on level 1 of the Dungeon.
You worshipped Trog.
Trog was aware of your devotion.
You were not hungry.

You visited 1 branch of the dungeon, and saw 1 of its levels.

You collected 21 gold pieces.

Inventory:

Hand Weapons
 a - a +0 mace (weapon)
Missiles
 d - 46 sling bullets
Armour
 b - a +0 animal skin (worn)
 g - a +0 buckler (worn)
Scrolls
 h - a scroll of noise {unknown}
 i - a scroll of fear {unknown}
Potions
 e - a potion of curing {unknown}
 f - a potion of heal wounds {unknown}
Comestibles
 c - a bread ration


   Skills:
 + Level 3.2 Fighting
 + Level 3.9 Maces & Flails
 + Level 2.3 Armour
 + Level 2.6 Dodging


You had 2 spell levels left.
You didn't know any spells.

Dungeon Overview and Level Annotations

Branches:
Dungeon (1/15)

Altars:


Innate Abilities, Weirdness & Mutations

You have a beak for a mouth.
You have claws for feet.


Message History

The jackal bites you.
You hit the jackal but do no damage. You claw the jackal, but do no damage.
You peck the jackal.
The jackal is moderately wounded.
The jackal misses you. The hobgoblin hits you with a club.
* * * LOW HITPOINT WARNING * * *
You block the kobold's attack. The jackal bites you.
* * * LOW HITPOINT WARNING * * *
The kobold barely misses you. The hobgoblin completely misses you.
You miss the jackal. Your kick misses the jackal. Your peck misses the jackal.
The jackal is moderately wounded.
The jackal bites you.
* * * LOW HITPOINT WARNING * * *
You block the kobold's attack. The hobgoblin hits you with a club.
* * * LOW HITPOINT WARNING * * *
The jackal barely misses you.
You closely miss the jackal. You claw the jackal.
The jackal is severely wounded.
The jackal bites you.
You die...

......... #.........
.........
#.......................
................######.
...............# #.
#....#........######.
..##....#........#......
.......K.#........#......
.......g@##.......#......
.......#(h.............#.
.......#..##♣♣♣.♣♣♣##..#.
.......#..# ♣⌠♣ #..#.
.......#..♣♣♣♣♣.♣♣♣♣♣..#.
.............⌠.<.⌠.....#.
..........♣♣♣♣♣.♣♣♣♣♣....
...#####..# ♣⌠♣ #.... ...
#..##♣♣♣.♣ #..#.


You could see a jackal, a hobgoblin and a kobold.

Vanquished Creatures
  An ooze (D:1)
  A giant cockroach (D:1)
  3 goblins (D:1)
  4 hobgoblins (D:1)
  3 jackals (D:1)
  2 frilled lizards (D:1)
  2 kobolds (D:1)
  2 rats (D:1)
18 creatures vanquished.

Notes
Turn   | Place    | Note
-------+----------+-------------------------------------------
     0 | D:1      | slep the Tengu Berserker began the quest for the Orb.
     0 | D:1      | Reached XP level 1. HP: 14/14 MP: 2/2
   107 | D:1      | Reached XP level 2. HP: 19/19 MP: 3/3
   264 | D:1      | Reached XP level 3. HP: 11/23 MP: 4/4
   267 | D:1      | Slain by a jackal

Vault maps used:
D:1:      scummos_arrival_forest, minmay_misc_feat_more_columns, st_stairs_8

Action                   || total
-------------------------++-------
Melee: Mace              ||    40
       Kick              ||    14
       Peck              ||     5
Armor: Animal skin       ||     6
Dodge: Dodged            ||    35
Block: Buckler           ||     9

Table legend:
 A = Spawn XP
 B = Non-spawn XP
 C = Spawn XP percentage of total XP
 D = Spawn monster count
 E = Non-spawn monster count
 F = Spawn count percentage of total count
 G = Total turns spent on level
                    A         B        C        D         E        F      G
               +---------+---------+-------+---------+---------+-------+---------
         Total |       0 |      35 |   0.0 |       0 |      18 |   0.0 |   267
               +---------+---------+-------+---------+---------+-------+---------
           D:1 |       0 |      35 |   0.0 |       0 |      18 |   0.0 |   267
               +---------+---------+-------+---------+---------+-------+---------
